 Dungeon Crawl Stone Soup version 0.21.0 (webtiles) character file.

30 tidbits the Sneak (level 3, -2/14 HPs)
             Began as a Felid Earth Elementalist on Jan 6, 2018.
             Killed by divine providence
             ... invoked by an orc priest
              (14 damage)
             ... on level 4 of the Dungeon.
             The game lasted 00:04:02 (533 turns).

tidbits the Sneak (Felid Earth Elementalist)         Turns: 533, Time: 00:04:03

Health: -2/14      AC:  1    Str:  5    XL:     3   Next: 3%
Magic:  5/7        EV: 18    Int: 16    God:
Gold:   18         SH:  0    Dex: 16    Spells: 3/6 levels left
                                        Lives:  0   Deaths: 0

rFire    . . .     SeeInvis +     - Unarmed
rCold    . . .     Gourm    .   (shield unavailable)
rNeg     . . .     Faith    .   (armour unavailable)
rPois    .         Spirit   .   (helmet unavailable)
rElec    .         Reflect  .   (cloak unavailable)
rCorr    .         Harm     .   (gloves unavailable)
MR       .....                  (boots unavailable)
Stlth    +++.......             (no amulet)
HPRegen  0.04/turn              (no ring)
MPRegen  0.10/turn              (no ring)

@: slowed, slow
A: very small, no armour, no weapons or thrown items, stealth, claws 1, fangs 3,
see invisible, carnivore, speed 1, shaggy fur 1, slow metabolism 1, sharp paws
a: no special abilities


You were on level 4 of the Dungeon.
You were not hungry.

You visited 1 branch of the dungeon, and saw 4 of its levels.

You collected 18 gold pieces.

Inventory:

Missiles
 b - 46 stones
 i - 15 arrows
Scrolls
 a - a scroll of remove curse {unknown}
 f - a scroll of teleportation {unknown}
Potions
 e - a potion of lignification {unknown}
 g - a potion of flight {unknown}
 h - a potion of heal wounds {unknown}
Books
 d - a book of Geomancy

   Spells                             Type                      Level
   a - Sandblast                      Earth                        1
   b - Passwall                       Transmutation/Earth          2
   c - Stone Arrow                    Conjuration/Earth            3
   d - Petrify                        Transmutation/Earth          4
   e - Lee's Rapid Deconstruction     Earth                        5
Comestibles
 c - 3 rations


   Skills:
 - Level 2.6 Dodging
 + Level 4.0 Stealth
 + Level 1.8 Unarmed Combat
 - Level 2.0 Spellcasting
 - Level 1.1 Transmutations
 - Level 2.6 Earth Magic


You had 3 spell levels left.
You knew the following spells:

 Your Spells              Type           Power        Failure   Level  Hunger
a - Sandblast             Erth           ##....       7%          1    #......
p - Passwall              Tmut/Erth      #.........   14%         2    ###....


Dungeon Overview and Level Annotations

Branches:
Dungeon (4/15)
 Temple: D:4-7

Altars:

Annotations:
D:2 Terence
D:4 kegs's ghost, novice HOFi


Innate Abilities, Weirdness & Mutations

You cannot wear armour.
You are incapable of wielding weapons or throwing items.
Your paws allow you to move quietly. (Stealth)
You have sharp claws.
You have razor-sharp teeth.
You have supernaturally acute eyesight. (SInv)
You are carnivorous and can eat meat at any time.
You cover ground quickly.
You are covered in fur. (AC +1)
You have a slow metabolism.
Your sharp claws are effective at attacking unaware monsters.


Message History

You pounce on the unaware helpless kobold!
You claw the kobold!
You kill the kobold!
You found a teleport trap!
You see here a whip.
The helpless goblin fails to defend itself.
You claw the goblin!
You kill the goblin!
Things that are here:
a club; a goblin corpse A frilled lizard comes into view.
You pounce on the unaware helpless bat!
You claw the bat!
You kill the bat!
Found 15 arrows.
The helpless frilled lizard fails to defend itself.
You claw the frilled lizard!
You kill the frilled lizard!
You see here 15 arrows.
i - 15 arrows
Found a club.
A goblin comes into view. It is wielding an antimagic dagger.
The goblin shouts!
Found a red potion.
Really walk into that teleport trap?
You enter a teleport trap!
The teleport trap disappears.
Your surroundings suddenly seem different.
There is a stone staircase leading down here.
You climb downwards.
There is a stone staircase leading up here.
A goblin comes into view. It is wielding a club.
The helpless goblin fails to defend itself.
You claw the goblin!
You kill the goblin!
Your Stealth skill increases to level 4!
A hobgoblin comes into view.
A bat, an ooze and Terence come into view.
There is a shaft here.
Casting: Sandblast
Confirm with . or Enter, or press ? or * to list all spells.
Aiming: Sandblast
Press: ? - help, Shift-Dir - straight line, f - hobgoblin
Aim: a hobgoblin The blast of sand hits the hobgoblin.
You kill the hobgoblin!
You have reached level 3!
Your experience leads to an increase in your attributes!
Increase (S)trength, (I)ntelligence, or (D)exterity?
You feel stronger.
b - 48 stones
Press: ? - help, . - travel You can't see that place. [the floor.] Placed new exclusion.
Found a shortbow.
You open the door.
Found an escape hatch in the floor.
There is an open door here.
A jackal comes into view.
A jackal comes into view. 2 jackals come into view.
The jackal barks! x4
There is an escape hatch in the floor here.
You slide downwards.
The hatch slams shut behind you.
A hobgoblin comes into view.
The hobgoblin shouts!
Found a red potion and a club.
Found a stone staircase leading down.
Unknown command.
There is a stone staircase leading down here.
The hobgoblin barely misses you.
Casting: Sandblast
Confirm with . or Enter, or press ? or * to list all spells.
Aiming: Sandblast
Press: ? - help, Shift-Dir - straight line, f - hobgoblin
Aim: a hobgoblin The blast of sand hits the hobgoblin.
You kill the hobgoblin!
b - 47 stones
There is a stone staircase leading down here.
You climb downwards.
An iguana, 4 orcs and a player ghost come into view.
Kegs's ghost turns its malevolent gaze towards you.
The iguana hisses angrily.
The orc shouts!
The orc priest shouts!
The orc wizard shouts!
Found a bubbling orange potion.
There is a stone staircase leading up here.
Casting: Sandblast
Confirm with . or Enter, or press ? or * to list all spells.
Aiming: Sandblast
Press: ? - help, Shift-Dir - straight line, f - iguana
Aim: an iguana The blast of sand hits the iguana.
The iguana is heavily wounded.
b - 46 stones The iguana bites you.
The orc wizard casts a spell at you.
You feel yourself slow down.
The orc priest invokes the aid of Beogh against you.
Beogh smites you!
Ouch! That really hurt!
You die...

# #. ##.#
#..!###
##...l.##
#.....@.#
#..#..o.o#
#..W....#
##....o....
#.....o..#
##........
#........
##......#


You could see an iguana, 2 orc priests, an orc wizard, kegs's ghost and an orc.

Vanquished Creatures
  An adder (D:2)
  A dart slug (D:1)
  A bat (D:1)
  2 giant cockroaches (D:1)
  3 goblins
  3 hobgoblins
  2 frilled lizards (D:1)
  3 kobolds (D:1)
  2 rats (D:1)
18 creatures vanquished.

Notes
Turn   | Place    | Note
-------+----------+-------------------------------------------
     0 | D:1      | tidbits the Felid Earth Elementalist began the quest for the Orb.
     0 | D:1      | Reached XP level 1. HP: 7/7 MP: 4/4
    90 | D:1      | Reached skill level 3 in Stealth
   295 | D:2      | Reached skill level 1 in Unarmed Combat
   295 | D:2      | Reached XP level 2. HP: 11/11 MP: 3/6
   309 | D:1      | Learned a level 2 spell: Passwall
   468 | D:2      | Reached skill level 4 in Stealth
   475 | D:2      | Noticed Terence
   477 | D:2      | Reached XP level 3. HP: 14/14 MP: 5/7
   531 | D:4      | Noticed kegs's ghost (novice HOFi)
   533 | D:4      | Killed from afar by an orc priest

Skill      XL: |  1  2 |
---------------+-------+-----
Stealth        | 3 4 |  4.0
Unarmed Combat | 1 |  1.8
Dodging        | |  2.6
Spellcasting   | |  2.0
Transmutations | |  1.1
Earth Magic    | |  2.6

Action                   || total
-------------------------++-------
Melee: Unarmed           ||    18
 Cast: Sandblast         ||    16
 Stab: Sleeping          ||    10
Armor: Skin              ||     2
Dodge: Dodged            ||    15

Table legend:
 A = Turns spent in this place as a percentage of turns spent in the entire game.
 B = Non-inter-level travel turns spent in this place as a percentage of non-inter-level travel turns spent in the entire game.
 C = Inter-level travel turns spent in this place as a percentage of turns spent in this place.
 D = Turns resting spent in this place as a percentage of non-inter-level travel turns spent in this place.
 E = Turns spent auto-exploring this place as a percentage of non-inter-level travel turns spent in this place.
 F = Non-inter-level travel turns spent in this place divided by the number of levels of this place that you've seen.
                   A       B       C       D       E      F
               +-------+-------+-------+-------+-------+----------------------
         Total | 100.0 | 100.0 |   6.2 |   1.2 |   0.0 | 125.0
       Dungeon | 100.0 | 100.0 |   6.2 |   1.2 |   0.0 | 125.0
               +-------+-------+-------+-------+-------+----------------------

Table legend:
 A = Kills in this place as a percentage of kills in entire the game.
 B = Kills by you in this place as a percentage of kills by you in the entire game.
 C = Kills by friends in this place as a percentage of kills by friends in the entire game.
 D = Other kills in this place as a percentage of other kills in the entire game.
 E = Experience gained in this place as a percentage of experience gained in the entire game.
 F = Experience gained in this place divided by the number of levels of this place that you have seen.
                   A       B       C       D       E      F
               +-------+-------+-------+-------+-------+----------------------
         Total | 100.0 | 100.0 |   N/A |   N/A | 100.0 |  10.8
       Dungeon | 100.0 | 100.0 |   N/A |   N/A | 100.0 |  10.8
               +-------+-------+-------+-------+-------+----------------------

Vault maps used:
D:1:      dpeg_arrival_rhombi
D:2:      grunt_ministairs_15, uniq_terence
D:3:      lemuel_round_altar, led_sif_pool, first_ration, minmay_misc_feat_chi,
          grunt_qazlal_clouds
